 Dungeon Crawl Stone Soup version 0.27.1-1-g398f81649c (webtiles) character file.

Game seed: 3221156507220090106

463 MajorAdolf the Shield-Bearer (level 7, 0/62 HPs)
             Began as a Naga Wanderer on Sept 12, 2021.
             Slain by a gnoll shaman (2 damage)
             ... on level 3 of the Dungeon.
             The game lasted 00:09:16 (6944 turns).

MajorAdolf the Shield-Bearer (Naga Wanderer)        Turns: 6944, Time: 00:09:16

Health: 0/62       AC:  4    Str: 18    XL:     7   Next: 7%
Magic:  7/7        EV:  8    Int: 11    God:
Gold:   68         SH: 10    Dex: 16    Spells: 6/6 levels left

rFire    . . .     SeeInvis +   n - +2 hand axe (elec)
rCold    . . .     Faith    .   b - +0 kite shield
rNeg     . . .     Spirit   .   d - +0 robe
rPois    +         Reflect  .   (no helmet)
rElec    .         Harm     .   (no cloak)
rCorr    .         Rampage  .   s - +0 pair of gloves
Will     .....                  (no barding)
Stlth    ++........             (no amulet)
HPRegen  0.20/turn              x - +6 ring of dexterity
MPRegen  0.10/turn              (no ring)

@: very slow
A: AC +2, large, see invisible, deformed body, poison resistance, slowness 2,
spit poison 1, naga tail 1
a: Spit Poison


You were on level 3 of the Dungeon.
You visited 1 branch of the dungeon, and saw 3 of its levels.
You also visited: Sewer.

You collected 68 gold pieces.

Inventory:

Hand Weapons
 a - a +0 short sword
 e - a +0 dagger
 n - a +2 hand axe of electrocution (weapon)
 o - a +2 antimagic hand axe
 B - a +0 hand crossbow
Missiles
 f - 60 stones (quivered)
 k - 33 poisoned darts
 t - 5 boomerangs
 C - 24 bolts
Armour
 b - a +0 kite shield (worn)
 d - a +0 robe (worn)
 s - a +0 pair of gloves (worn)
Jewellery
 x - a +6 ring of dexterity (left hand)
Scrolls
 c - 3 scrolls of teleportation
 g - 2 scrolls of vulnerability {unknown}
 m - a scroll of torment {unknown}
 p - 2 scrolls of identify {unknown}
 v - a scroll of noise {unknown}
 w - a scroll of magic mapping {unknown}
 y - a scroll of enchant armour {unknown}
 z - a scroll of brand weapon {unknown}
 A - a scroll of fog {unknown}
 E - 3 scrolls of summoning {unknown}
 G - a scroll of enchant weapon {unknown}
Potions
 h - 2 potions of might {unknown}
 i - a potion of curing {unknown}
 j - 2 potions of heal wounds {unknown}
 l - a potion of flight {unknown}
 q - a potion of mutation {unknown}
 r - a potion of attraction {unknown}
 u - a potion of berserk rage {unknown}
 D - a potion of brilliance {unknown}
 F - a potion of resistance {unknown}


   Skills:
 - Level 3.0 Fighting
 - Level 2.0 Short Blades
 - Level 2.0 Maces & Flails
 - Level 1.5 Stealth
 + Level 6.2 Shields


You had 6 spell levels left.
You didn't know any spells.
Your spell library was empty.

Dungeon Overview and Level Annotations

Branches:
Dungeon (3/15)              Sewer (visited)

Altars:


Innate Abilities, Weirdness & Mutations

Your serpentine skin is tough. (AC +2)
You have supernaturally acute eyesight. (SInv)
Armour fits poorly on your strangely shaped body.
Your system is resistant to poisons. (rPois)
You cover ground very slowly.
You can spit poison.
You have a snake-like lower body.


Message History

The gnoll shaman mumbles some strange prayers to its god against you.
You easily resist.
You block the gnoll's attack.
Things that are here:
a +0 morningstar; a +0 leather armour; a hobgoblin corpse The gnoll barely misses you.
The gnoll barely misses you.
The gnoll shaman calls upon its god to speed up the gnoll.
The gnoll seems to speed up.
The gnoll shaman calls upon its god to speed up the gnoll.
The gnoll seems to speed up.
Press: ? - help, Shift-Dir - straight line, f - gnoll
Aim: a gnoll, wielding a +0 halberd (fast)
The splash of poison hits the gnoll!
The gnoll is severely wounded.
The gnoll hits you from afar with a +0 halberd!
You block the gnoll's attack.
Unknown command.
You block the gnoll's attack. The gnoll hits you with a +0 halberd.
The gnoll hits you with a +0 club. The gnoll barely misses you.
You hit the gnoll.
You kill the gnoll!
You completely miss the gnoll. The gnoll hits you with a +0 club.
* * * LOW HITPOINT WARNING * * *
The gnoll hits you with a +0 club.
* * * LOW HITPOINT WARNING * * *
Unknown command.
Unknown command.
You hit the gnoll. Lightning courses through the gnoll!
You kill the gnoll!
You have got your breath back.
Unknown command.
Okay, then.
You closely miss the gnoll shaman. You block the gnoll shaman's attack.
You hit the gnoll shaman.
The gnoll shaman is lightly wounded.
The gnoll shaman hits you with a +0 club!
* * * LOW HITPOINT WARNING * * *
The gnoll shaman hits you with a +0 club.
You die...

#....# #)...#
#############''''####
#....................
##≈≈≈≈≈≈≈≈≈≈≈≈)...≈≈≈≈
≈≈≈≈≈≈≈≈≈≈≈≈≈≈....≈≈≈≈
≈≈≈≈≈≈≈≈≈≈≈≈≈≈....≈≈≈≈
..).$.$....g..........
..........@).).....##.
#########..####...##
##.## ....# #.).#
#.#.# #≈≈≈# .#...
#≈≈≈# .. ... #≈≈≈# .##
## #÷≈≈# #≈.≈#


You could see a gnoll shaman.

Vanquished Creatures
  2 kobold brigands (Sewer)
  Natasha (thrice) (D:2)
  A scorpion zombie (D:3)
  5 gnolls (D:3)
  8 adders
  A river rat (Sewer)
  2 worms (Sewer)
  A dart slug (D:2)
  An orc (D:3)
  7 endoplasms
  4 giant cockroaches
  8 hobgoblins
  7 jackals
  8 quokkas
  7 ball pythons
  3 bats
  2 frilled lizards
  10 goblins
  10 kobolds
  18 rats
108 creatures vanquished.

Vanquished Creatures (others)
  A plant (D:3)
1 creature vanquished.

Grand Total: 109 creatures vanquished

Notes
Turn   | Place    | Note
-------+----------+-------------------------------------------
     0 | D:1      | MajorAdolf the Naga Wanderer began the quest for the Orb.
     0 | D:1      | MajorAdolf set off with the following items: a +0 short
                  | sword, a +0 kite shield, a scroll of teleportation, a +0
                  | robe
     0 | D:1      | Reached XP level 1. HP: 21/21 MP: 1/1
   381 | D:1      | Reached skill level 2 in Shields
   404 | D:1      | Reached XP level 2. HP: 14/28 MP: 2/2
  1168 | D:1      | Reached XP level 3. HP: 34/34 MP: 3/3
  1932 | D:2      | Reached skill level 3 in Shields
  4320 | D:2      | Reached XP level 4. HP: 42/42 MP: 4/4
  4366 | D:2      | Noticed Natasha
  4375 | D:2      | Killed Natasha
  4921 | D:2      | Reached skill level 4 in Shields
  4996 | D:2      | Noticed Natasha
  5084 | D:2      | Killed Natasha
  5085 | D:2      | Reached XP level 5. HP: 20/49 MP: 1/5
  5387 | D:2      | Noticed Natasha
  5391 | D:2      | Killed Natasha
  5596 | D:2      | Noticed a great orb of eyes
  5597 | D:2      | Found a faded altar of an unknown god.
  5601 | D:2      | Noticed an eye of devastation
  5601 | D:2      | Noticed a great orb of eyes
  5601 | D:2      | Noticed a great orb of eyes
  6032 | D:3      | Reached skill level 5 in Shields
  6032 | D:3      | Reached XP level 6. HP: 45/56 MP: 6/6
  6036 | D:3      | Found a glowing drain.
  6044 | Sewer    | Entered a sewer
  6790 | D:3      | Reached skill level 6 in Shields
  6918 | D:3      | Reached XP level 7. HP: 54/62 MP: 7/7
  6944 | D:3      | HP: 2/62 [gnoll shaman (10)]
  6944 | D:3      | Slain by a gnoll shaman

Illustrated notes

Levels and vault maps discovered:
D:1:      noname_arrival_rooms_in_the_neighbourhood, layout_basic
D:2:      minmay_skewed_foursquare, layout_basic,
          hellmonk_ecumenical_altar_watching_god, minmay_hexomino_u4,
          uniq_natasha
D:3:      lemuel_castle_with_subvaults [lemuel_castle_interior_carwin_2],
          layout_loops_ring, portal_sewer_entry_f, uniq_jessica

Skill      XL: |  1  2  3  4  5  6 |
---------------+-------------------+-----
Shields        | 2 3 4 5 6 |  6.2
Fighting       | |  3.0
Short Blades   | |  2.0
Maces & Flails | |  2.0
Stealth        | |  1.5

Action                   |  1- 3 |  4- 6 |  7- 9 || total
-------------------------+-------+-------+-------++-------
Melee: Short sword       |    11 |       |       ||    11
       Dagger            |    31 |       |       ||    31
       Hand axe          |       |   186 |     9 ||   195
Throw: Stone             |     7 |       |       ||     7
 Abil: Spit Poison       |    33 |     3 |     1 ||    37
 Stab: Sleeping          |     1 |     2 |       ||     3
Armor: Robe              |    12 |    45 |       ||    57
Dodge: Dodged            |     7 |    50 |     4 ||    61
Block: Kite shield       |    19 |   106 |     5 ||   130
